 Dungeon Crawl Stone Soup version 0.29.1-15-g9cfb28693d (webtiles) character file.

Game seed: 13796816699686022451

35 Alturiack the Vexing (level 3, -7/17 HPs)
             Began as a Spriggan Arcane Marksman on Apr 11, 2023.
             Killed by nerve-wracking pain
             ... invoked by Jessica
              (10 damage)
             ... on level 2 of the Dungeon.
             The game lasted 00:03:21 (974 turns).

Alturiack the Vexing (Spriggan Arcane Marksman)      Turns: 974, Time: 00:03:22

Health: -7/17      AC:  2    Str:  6    XL:     3   Next: 16%
Magic:  6/7        EV: 18    Int: 14    God:
Gold:   24         SH:  0    Dex: 17    Spells: 5/6 levels left

rFire   . . .      SeeInvis +   a - +1 sling
rCold   . . .      Faith    .   (no shield)
rNeg    . . .      Spirit   .   c - +0 robe
rPois   .          Reflect  .   (helmet restricted)
rElec   .          Harm     .   (no cloak)
rCorr   .          Rampage  .   (gloves unavailable)
Will    .....                   (boots unavailable)
Stlth   ++........              (no amulet)
HPRegen 0.05/turn               (no ring)
MPRegen 0.10/turn               (no ring)

@: very quick
A: very small, no large weapons, unfitting armour, see invisible, speed 3
a: no special abilities


You were on level 2 of the Dungeon.
You visited 1 branch of the dungeon, and saw 2 of its levels.

You collected 24 gold pieces.

Inventory:

Hand Weapons
 a - a +1 sling (weapon)
Armour
 c - a +0 robe (worn)
Jewellery
 j - a ring of protection from fire
Scrolls
 b - a scroll of poison
 e - a scroll of enchant armour {unknown}
 g - a scroll of identify {unknown}
 h - a scroll of teleportation {unknown}
Potions
 d - a potion of curing {unknown}
 f - a potion of lignification {unknown}
 i - a potion of ambrosia {unknown}


   Skills:
 - Level 0.7 Fighting
 * Level 3.0 Ranged Weapons
 + Level 3.3 Dodging
 + Level 2.1 Spellcasting
 - Level 3.6 Hexes


You had 5 spell levels left.
You knew the following spells:

 Your Spells              Type           Power      Damage    Failure   Level
a - Slow                  Hex            44%        N/A       5%          1

Your spell library contained the following spells:

 Spells                   Type           Power      Damage    Failure   Level
 Inner Flame              Hex/Fire       6%         N/A       32%         3
 Portal Projectile        Hex/Tloc       12%        N/A       32%         3
 Cause Fear               Hex            5%         N/A       45%         4


Dungeon Overview and Level Annotations

Branches:
Dungeon (2/15)

Altars:

Shops:
D:1 [

Annotations:
D:2 Jessica


Innate Abilities, Weirdness & Mutations

You are very small and have problems with some larger weapons.
You are too small for most types of armour.
You have supernaturally acute eyesight. (SInv)
You cover ground extremely quickly. (Speed+++)


Message History

Press: ? - help, Shift-Dir - straight line, f/p - Jessica
Aim: Jessica, wielding a +0 dagger of speed and wearing a +2 robe of cold resistance (chance to affect: 58%) Jessica resists with significant effort.
Jessica gestures wildly.
Jessica points at you and mumbles some strange words.
Pain shoots through your body!
Casting: Slow (safe; 5% risk of failure)
Confirm with . or Enter, or press ? or * to list all spells.
Aiming: Slow (safe; 5% risk of failure)
Press: ? - help, Shift-Dir - straight line, f/p - Jessica
Aim: Jessica, wielding a +0 dagger of speed and wearing a +2 robe of cold resistance (chance to affect: 58%) Jessica resists with significant effort.
Jessica points at you and mumbles some strange words.
Pain shoots through your body!
Ouch! That really hurt!
* * * LOW HITPOINT WARNING * * *
Fire: a) +1 sling
Press: ? - help, Q - select action, (/) - cycle Shift-Dir - straight line, f/p - Jessica
Aim: Jessica, wielding a +0 dagger of speed and wearing a +2 robe of cold resistance (59% to hit)
You shoot a sling bullet.
The sling bullet hits Jessica but does no damage.
Fire: a) +1 sling
Press: ? - help, Q - select action, (/) - cycle Shift-Dir - straight line, f/p - Jessica
Aim: Jessica, wielding a +0 dagger of speed and wearing a +2 robe of cold resistance (59% to hit)
You shoot a sling bullet. The sling bullet hits Jessica.
Jessica is moderately wounded.
Jessica gestures at you while chanting.
You struggle to resist.
Jessica shouts, "I don't like beings like you!"
Jessica mumbles some strange words.
Jessica seems to speed up.
Fire: a) +1 sling
Press: ? - help, Q - select action, (/) - cycle Shift-Dir - straight line, f/p - Jessica
Aim: Jessica, wielding a +0 dagger of speed and wearing a +2 robe of cold resistance (moderately wounded, fast, 59% to hit)
You shoot a sling bullet.
The sling bullet closely misses Jessica.
Jessica points at you and mumbles some strange words.
Pain shoots through your body!
Ouch! That really hurt!
You die...

### ###########
#######.#
#.....<...#
#.......#
#.........#
#.#####.#
#.........# #.#
#.# ####......@..#
#.# #.#
#............# #.#
#.# .>.....@#.##.#
#.# #.#
#.#####.#.##.###.#
#.# #
###.#........##
#.#
#...####......#
#.#
#......######.#
#.# #......# #.#
#.# #......# #.#
#.#


You could see Jessica (fast).

Vanquished Creatures
  A gnoll (D:1)
  A dart slug (D:1)
  A ball python (D:1)
  An endoplasm (D:1)
  2 giant cockroaches (D:1)
  A goblin (D:1)
  A hobgoblin (D:1)
  3 quokkas
  4 bats
  2 frilled lizards (D:1)
  4 kobolds (D:1)
  2 rats (D:1)
23 creatures vanquished.

Notes
Turn   | Place    | Note
-------+----------+-------------------------------------------
     0 | D:1      | Alturiack the Spriggan Arcane Marksman began the quest for
                  | the Orb.
     0 | D:1      | Reached XP level 1. HP: 9/9 MP: 3/3
   439 | D:1      | Found Papheus's Antique Armour Shop.
   445 | D:1      | Reached XP level 2. HP: 14/14 MP: 5/5
   681 | D:1      | Reached XP level 3. HP: 17/17 MP: 7/7
   948 | D:2      | Noticed Jessica
   974 | D:2      | Killed from afar by Jessica

Illustrated notes

Levels and vault maps discovered:
D:1:      minmay_arrival_four_houses, layout_basic, serial_shops,
          nicolae_shop_behind_doors, st_stairs_4
D:2:      layout_basic, uniq_jessica

Skill      XL: |  1  2  3 |
---------------+----------+-----
Dodging        | 3 |  3.3
Spellcasting   | 2 |  2.1
Ranged Weapons | 3 |  3.0
Fighting       | |  0.7
Hexes          | |  3.6

Action                   || total
-------------------------++-------
 Fire: Sling             ||    61
 Cast: Slow              ||     2
Armor: Robe              ||     9
Dodge: Dodged            ||    34
